AoeStats
← Jazzmushroom

Golden Pit

507134955Analyzed
1v1 RM · 15d ago on Sep 16, 2026· 45m 22s· 2 players
Game mode
Random Map
Map size
Tiny (2 player)
Population
200
Speed
Normal
Resources
Standard
Victory
Conquest
Starting age
Dark Age
Ending age
Imperial Age
RankedLock teamsTeams togetherTeam positionsShared explorationLock speedFull tech treeHidden civsTurbo modeCheats
Victory
Defeat
🇺🇸 Vietnamese · United States
1445
+15
🇫🇷 Magyars · France
1414
-15
nmarc
6:32 Loom
6:41 Loom
9:24 Feudal Age
10:13 Double-Bit Axe
10:11 Horse Collar
13:40 Fletching
18:00 Wheelbarrow
17:43 Padded Archer Armor
22:16 Castle Age
20:45 Gold Mining
22:28 Bloodlines
22:28 Elite Skirmisher
23:26 Leather Archer Armor
23:35 Bow Saw
25:12 Heavy Plow
25:23 Husbandry
27:30 Scale Barding Armor
27:45 Bodkin Arrow
28:35 Gold Shaft Mining
36:15 Imperial Age
34:42 Hand Cart
35:46 Corvinian Army
36:39 Chain Barding Armor
40:57 Plate Barding Armor
42:12 Scale Mail Armor
42:32 Pikeman
Jazzmushroom
7:42 Loom
10:31 Feudal Age
11:08 Double-Bit Axe
15:26 Fletching
16:04 Town Watch
20:52 Castle Age
20:02 Horse Collar
20:15 Gold Mining
20:57 Crossbowman
21:44 Thumb Ring
22:14 Bodkin Arrow
26:23 Wheelbarrow
26:58 Padded Archer Armor
27:03 Stone Mining
28:12 Leather Archer Armor
30:19 Hand Cart
31:25 Chatras
31:39 Scale Barding Armor
32:41 Husbandry
34:29 Forging
34:48 Bloodlines
35:18 Chain Barding Armor
38:25 Imperial Age
35:36 Elite Skirmisher
38:07 Devotion
43:44 Squires
43:06 Elite Fire Lancer
43:58 Scale Mail Armor
Connection lost

Rejoining the realm…

Still unreachable

The connection could not be restored.

Session expired

The server has moved on; the page needs a fresh start.